AoeStats
← Leão

Arabia

508799286Analyzed
4v4 RM · 8d ago on Sep 24, 2026· 31m 41s· 8 players
Game mode
Random Map
Map size
Large (8 player)
Population
200
Speed
Normal
Resources
Standard
Victory
Conquest
Starting age
Dark Age
Ending age
Imperial Age
RankedLock teamsTeams togetherTeam positionsShared explorationLock speedFull tech treeHidden civsTurbo modeCheats
Victory
Defeat
🇨🇦 Varangians · Canada
1308
+15
🇹🇼 Muisca · Taiwan
1266
+17
🇦🇷 Japanese · Argentina
1242
+18
🇹🇼 Poles · Taiwan
1140
+21
🇧🇷 Persians · Brazil
1355
-21
🇨🇴 Danes · Colombia
1268
-17
🇧🇷 Ethiopians · Brazil
1257
-17
🇧🇷 Franks · Brazil
1225
-16
DSLG | Tlaloc159
6:03 Loom
8:57 Feudal Age
10:03 Double-Bit Axe
15:59 Fletching
16:09 Padded Archer Armor
19:02 Wheelbarrow
Leão
6:32 Loom
8:54 Feudal Age
9:31 Double-Bit Axe
[RZ] James Rocha
7:26 Loom
9:49 Feudal Age
10:39 Double-Bit Axe
14:21 Bloodlines
17:29 Forging
22:21 Castle Age
21:08 Gold Mining
24:01 Iron Casting
27:00 Scale Barding Armor
[RZ] rj.renan
7:11 Loom
9:38 Feudal Age
10:52 Double-Bit Axe
dedw1ng
6:37 Loom
9:58 Feudal Age
13:26 Bloodlines
13:18 Double-Bit Axe
23:16 Castle Age
21:54 Scale Barding Armor
22:54 Forging
24:22 Chain Barding Armor
25:20 Iron Casting
24:47 Husbandry
25:44 Gold Mining
26:13 Horse Collar
29:50 Wheelbarrow
30:48 Bow Saw
32:18 Heavy Plow
Sky_斗魚猜火車YO
7:42 Loom
9:57 Feudal Age
10:38 Double-Bit Axe
10:42 Horse Collar
13:43 Fletching
24:34 Castle Age
24:30 Wheelbarrow
25:41 Bow Saw
25:33 Heavy Plow
28:43 Gold Mining
救不了你
5:30 Loom
11:52 Feudal Age
16:22 Castle Age
14:36 Double-Bit Axe
15:19 Horse Collar
16:01 Bloodlines
17:13 Husbandry
17:19 Husbandry
19:55 Bow Saw
27:30 Wheelbarrow
26:39 Pikeman
27:19 Squires
27:05 Arson
28:04 Scale Barding Armor
27:59 Scale Mail Armor
28:09 Forging
Taiwan No.1
7:29 Loom
9:37 Feudal Age
9:49 Man-at-Arms
19:16 Scale Mail Armor
20:19 Double-Bit Axe
20:43 Fletching
21:04 Forging
23:36 Wheelbarrow
22:56 Horse Collar
26:48 Castle Age
25:58 Stone Mining
27:48 Hand Cart
27:51 Forging
27:57 Chain Mail Armor
28:03 Bow Saw
27:54 Heavy Plow
27:59 Squires
30:28 Iron Casting
30:48 Gold Mining
Connection lost

Rejoining the realm…

Still unreachable

The connection could not be restored.

Session expired

The server has moved on; the page needs a fresh start.